 Dungeon Crawl Stone Soup version 0.31-a0-1570-g93c622d222 (webtiles) character file.

Game seed: 12959449545671453727

2207 grandjackal the Fighter (level 9, 0/82 HPs)
             Began as a Ghoul Monk on Jan 3, 2024.
             Was a Priest of Kikubaaqudgha.
             Slain by an orc warrior
             ... wielding a +4 battleaxe of flaming
              (3 damage)
             ... on level 7 of the Dungeon.
             The game lasted 00:08:30 (7950 turns).

grandjackal the Fighter (Ghoul Monk)                Turns: 7950, Time: 00:08:32

Health: 0/82       AC:  9    Str: 15    XL:     9   Next: 34%
Magic:  9/9        EV: 10    Int: 13    God:    Kikubaaqudgha [***...]
Gold:   451        SH:  0    Dex: 11    Spells: 2/8 levels left

rFire   + .          .
                       - Unarmed
rCold   + . .        c - orb {light}
rNeg    + + +        x - +3 scale mail {rF+}
rPois   ∞            (no helmet)
rElec   .            (no cloak)
rCorr   .            (no gloves)
SInv    .            (no boots)
Will    .....        (no amulet) Stlth
                     (no ring)
HPRegen 0.00/turn    (no ring)
MPRegen 0.11/turn

%: no passive effects
@: inhibited regen, glowing
A: claws 1, cold resistance 1, negative energy resistance 3, inhibited
regeneration, torment resistance 2, devour on kill
a: Renounce Religion, Unearth Wretches


You were on level 7 of the Dungeon.
You worshipped Kikubaaqudgha.
Kikubaaqudgha was most pleased with you.
You visited 2 branches of the dungeon, and saw 8 of its levels.

You collected 451 gold pieces.

Inventory:

Missiles
 e - 3 throwing nets
Armour
 c - an orb of light (worn)
 x - a +3 scale mail of fire resistance (worn)
Jewellery
 q - a ring of fire
 s - a +6 ring of strength
Wands
 a - a wand of polymorph (14)
 p - a wand of flame (4)
Scrolls
 g - 3 scrolls of immolation {unknown}
 j - 2 scrolls of enchant armour {unknown}
 k - a scroll of teleportation {unknown}
 n - 2 scrolls of revelation {unknown}
 o - a scroll of fog {unknown}
 r - a scroll of noise {unknown}
 t - 2 scrolls of blinking {unknown}
 u - a scroll of enchant weapon {unknown}
 v - a scroll of butterflies {unknown}
 w - a scroll of amnesia
Potions
 b - a potion of ambrosia
 d - a potion of haste
 f - a potion of cancellation
 h - 5 potions of brilliance
 i - a potion of mutation
 l - a potion of attraction
 m - 2 potions of curing
 z - a potion of heal wounds {unknown}


   Skills:
 + Level 8.6 Fighting
 + Level 2.0 Armour
 - Level 4.0 Dodging
 + Level 8.4 Unarmed Combat
 + Level 5.0 Necromancy


You had 2 spell levels left.
You knew the following spells:

 Your Spells              Type           Power      Damage    Failure   Level
a - Fugue of the Fallen   Necr           13%        N/A       43%         3
b - Vampiric Draining     Necr           13%        2d6       43%         3

Your spell library contained the following spells:

 Spells                   Type           Power      Damage    Failure   Level
 Kiss of Death            Conj/Necr      24%        2d7       41%         1
 Cigotuvi's Dreadful Rot  Necr/Alch/Air  8%         N/A       67%         2
 Apportation              Tloc           0%         N/A       77%         1
 Sting                    Conj/Alch      0%         1d3       77%         1
 Jinxbite                 Hex            0%         N/A       88%         2
 Mercury Vapours          Alch/Air       0%         N/A       88%         2
 Frozen Ramparts          Ice            0%         1d1       98%         3
 Ozocubu's Armour         Ice            0%         N/A       98%         3
 Anguish                  Hex/Necr       3%         N/A       99%         4
 Martyr's Knell           Necr/Summ      6%         N/A       99%         4
 Curse of Agony           Necr           13%        N/A       99%         5
 Leda's Liquefaction      Alch/Erth      0%         N/A       100%        4
 Manifold Assault         Tloc           0%         N/A       100%        4
 Olgreb's Toxic Radiance  Alch           0%         N/A       100%        4
 Petrify                  Alch/Erth      0%         N/A       100%        4
 Alistair's Intoxication  Alch           0%         N/A       100%        5
 Metabolic Englaciation   Hex/Ice        0%         N/A       100%        5
 Death Channel            Necr           6%         N/A       100%        6


Dungeon Overview and Level Annotations

Branches:
Dungeon (7/15)             Temple (1/1) D:5

Altars:
Cheibriados
Hepliaklqana
Kikubaaqudgha
Makhleb
Okawaru
Qazlal
Ru
Sif Muna
Trog
Vehumet
Yredelemnul

Shops:
D:6 *


Innate Abilities, Weirdness & Mutations

You are immune to poison.
You have sharp fingernails.
Your flesh is cold resistant. (rC+)
You are immune to negative energy. (rN+++)
You do not regenerate when monsters are visible.
You are immune to unholy pain and torment.
You thrive by killing the living.


Message History

You claw the orc warrior!
The orc warrior is moderately wounded.
The orc warrior hits you with a +4 battleaxe of flaming!
The orc warrior burns you. The orc closely misses you.
The orc wizard hits you but does no damage.
You scratch the orc warrior but do no damage.
The orc warrior is moderately wounded.
The orc warrior misses you. The orc misses you.
The orc wizard hits you but does no damage.
You claw the orc warrior!
The orc warrior is heavily wounded.
The orc warrior hits you with a +4 battleaxe of flaming.
The orc hits you with a +0 dagger.
The orc wizard hits you but does no damage.
The orc warrior attacks as it pursues you!
The orc warrior closely misses you.
The orc wizard gestures wildly while chanting.
The orc wizard flickers and vanishes for a moment.
Items here: ))) [[ †.
You barely miss the orc warrior.
The orc warrior is heavily wounded.
You completely miss the orc warrior.
The orc warrior is heavily wounded.
The orc warrior hits you with a +4 battleaxe of flaming!
You scratch the orc warrior but do no damage.
The orc warrior is heavily wounded.
The orc warrior hits you with a +4 battleaxe of flaming!
* * * LOW HITPOINT WARNING * * *
The orc warrior burns you.
* * * LOW HITPOINT WARNING * * *
You scratch the orc warrior.
The orc warrior is severely wounded.
The orc warrior closely misses you.
You scratch the orc warrior.
The orc warrior is almost dead.
The orc warrior hits you with a +4 battleaxe of flaming!
* * * LOW HITPOINT WARNING * * *
The orc warrior burns you.
You die...
Kikubaaqudgha rasps: "You have failed me!
Welcome... oblivion!"

...#
#..............
##.#
#..............
##.# #............
...# #...........
#..# #.........#
#..# #......o..#
#..# #o#
#..#############o#
#.........)....#@#
#.############.#)#
#.##......<..#.#)#
#.##)#####.#.#.#.#
#.##.#.....#.#.#)#
#.##.#.###.#.#.#<#
#.##.#.......#.#.#
#.##.#########.#.#
#.##...........#.#


You could see an orc warrior, an orc wizard (invisible) and an orc.

Vanquished Creatures
  Sigmund (D:6)
  Menkaure (D:6)
  A water moccasin (D:6)
  Duvessa (D:6)
  A black bear (D:5)
  An ogre (D:5)
  A centaur (D:7)
  2 bullfrogs
  2 scorpions (D:5)
  7 wights (D:7)
  Dowan (D:6)
  A howler monkey (D:4)
  A bombardier beetle (D:3)
  4 hounds
  An orc priest (D:7)
  2 jellies
  2 gnoll boudas
  An iguana (D:6)
  3 orc wizards
  9 gnolls
  8 adders
  A white imp (D:7)
  2 ufetubi (D:6)
  3 ribbon worms
  13 dart slugs
  30 orcs
  15 ball pythons
  8 endoplasms
  7 giant cockroaches
  7 goblins
  7 hobgoblins
  2 jackals (D:2)
  4 quokkas
  4 bats
  7 frilled lizards
  13 kobolds
  5 rats
179 creatures vanquished.

Vanquished Creatures (others)
  A dart slug (D:4)
1 creature vanquished.

Grand Total: 180 creatures vanquished

Notes
Turn   | Place    | Note
-------+----------+-------------------------------------------
     0 | D:1      | grandjackal the Ghoul Monk began the quest for the Orb.
     0 | D:1      | Reached XP level 1. HP: 19/19 MP: 1/1
   107 | D:1      | Reached XP level 2. HP: 25/26 MP: 2/2
   494 | D:1      | Reached XP level 3. HP: 31/33 MP: 3/3
  1292 | D:2      | Reached XP level 4. HP: 36/40 MP: 4/4
  2752 | D:3      | Reached XP level 5. HP: 39/47 MP: 5/5
  3396 | D:5      | Entered Level 5 of the Dungeon
  3609 | D:5      | Reached skill level 5 in Fighting
  3688 | D:5      | Reached XP level 6. HP: 44/56 MP: 6/6
  3738 | D:5      | Reached skill level 5 in Unarmed Combat
  4068 | D:4      | Identified the +9 whip "Wacw" {flame, *Corrode rPois rC+}
  4321 | D:5      | Noticed a black bear
  4333 | D:5      | Killed a black bear
  4396 | D:5      | Reached XP level 7. HP: 28/62 MP: 7/7
  4795 | D:5      | Found a staircase to the Ecumenical Temple.
  4812 | Temple   | Entered the Ecumenical Temple
  4817 | Temple   | Became a worshipper of Kikubaaqudgha
  4817 | Temple   | Reached * piety under Kikubaaqudgha
  4817 | Temple   | Received a gift from Kikubaaqudgha
  4817 | Temple   | Reached ** piety under Kikubaaqudgha
  4825 | Temple   | Learned a level 3 spell: Fugue of the Fallen
  4829 | Temple   | Learned a level 3 spell: Vampiric Draining
  5134 | D:5      | Reached skill level 1 in Necromancy
  5570 | D:6      | Noticed Sigmund
  5618 | D:6      | Killed Sigmund
  5619 | D:6      | Reached XP level 8. HP: 64/73 MP: 8/8
  6080 | D:6      | Found Poixeoq's Serpentskin Sales.
  6143 | D:6      | Found a bloodstained altar of Trog.
  6387 | D:6      | Noticed Duvessa
  6387 | D:6      | Noticed Dowan
  6402 | D:6      | Killed Duvessa
  6407 | D:6      | Killed Dowan
  6819 | D:6      | Found a sacrificial altar of Ru.
  6841 | D:6      | Noticed Menkaure
  6856 | D:6      | Killed Menkaure
  7106 | D:7      | Reached XP level 9. HP: 81/81 MP: 9/9
  7269 | D:7      | Reached skill level 1 in Armour
  7478 | D:7      | Reached *** piety under Kikubaaqudgha
  7478 | D:7      | Received a gift from Kikubaaqudgha
  7927 | D:7      | Reached skill level 5 in Necromancy
  7950 | D:7      | HP: 3/82 [orc warrior/+4 battleaxe of flaming (16)]
  7950 | D:7      | Slain by an orc warrior

Illustrated notes

Levels and vault maps discovered:
D:1:      roadster_arrival_rocket_large, layout_basic, serial_forest,
          infiniplex_forest_straight_2, infiniplex_forest_fountain,
          infiniplex_forest_clump_medium, infiniplex_forest_clump_small,
          infiniplex_forest_join, infiniplex_forest_lined_room_2,
          infiniplex_forest_end_2, infiniplex_forest_end_1,
          infiniplex_forest_corner_1
D:2:      minmay_chambers_of_twos, layout_basic, corexii_hall_statues_u,
          dreamdust_wishing_well
D:3:      wad_pebble_path, layout_basic, serial_curves, eino_curves_02,
          eino_curves_04, eino_curves_04, eino_curves_04
D:4:      kennysheep_slugbush, layout_rooms, minivault_27,
          dreamdust_princess_corridor, minmay_ruptured
D:5:      layout_cave_pods, minmay_temple_entry_gardened_gates
D:6:      layout_gridville, mainiacjoe_overflow_six_doors_small,
          kennysheep_mini_moat, chequers_serial_rivers_room_a,
          guppyfry_shop_venom, uniq_menkaure, uniq_duvessa, uniq_sigmund
D:7:      layout_basic, regret_index_xom_buried_treasure
Temple:   minmay_freezing_vapour_temple

Skill      XL: |  1  2  3  4  5  6  7  8  9 |
---------------+----------------------------+-----
Dodging        | 3 4 |  4.0
Fighting       | 4 5 7 8 |  8.6
Unarmed Combat | 4 5 6 8 |  8.4
Necromancy     | 2 4 5 |  5.0
Armour         | 2 |  2.0

Action                     |  1- 3 |  4- 6 |  7- 9 || total
---------------------------+-------+-------+-------++-------
  Melee: Unarmed           |    96 |   242 |   255 ||   593
  Evoke: Wand              |       |       |     4 ||     4
    Use: Scroll            |       |     4 |     4 ||     8
 Armour: Robe              |    37 |    96 |       ||   133
         Ring mail         |       |    39 |    87 ||   126
         Scale mail        |       |       |   101 ||   101
  Dodge: Dodged            |    54 |   174 |   136 ||   364

Table legend: (Time is in decaauts)
 A = Elapsed time spent in this place.
 B = Non-inter-level travel time spent in this place.
 C = Inter-level travel time spent in this place.
 D = Time resting spent in this place.
 E = Time spent auto-exploring this place.
 F = Levels seen in this place.
 G = Mean time per level.
                   A        B        C        D        E       F      G
               +--------+--------+--------+--------+--------+-----+--------+
         Total |   7910 |   7695 |    215 |   1603 |   4743 |   8 |  988.8 |
       Dungeon |   7892 |   7677 |    215 |   1603 |   4743 |   7 | 1127.4 |
        Temple |     18 |     18 |      0 |      0 |      0 |   1 |   18.0 |
               +--------+--------+--------+--------+--------+-----+--------+

Top non-repeatable levels by time:
     D:5: 1645 daAuts
     D:6: 1181 daAuts
     D:1: 1132 daAuts
     D:2: 1113 daAuts
     D:3: 1056 daAuts
     D:7: 1010 daAuts
     D:4: 752 daAuts
  Temple: 18 daAuts
